[Event "Team 45 45 League T61"]
[Site "Internet Chess Club"]
[Date "2014.07.18"]
[Round "8"]
[White "mongmong"]
[Black "ILRE"]
[Result "1-0"]
[WhiteElo "1584"]
[BlackElo "1599"]
[Opening "Queen's pawn game"]
[ECO "D04"]
[Time "19:10:11"]
[TimeControl "2700+45"]

1. d4 d5 2. Nf3 Nf6 3. e3 c6 4. Bd3 Bg4 5. h3 Bh5 6. c4 dxc4 7. Bxc4 e6 8. Nc3
Nbd7 9. Be2 Bd6 10. Nd2 Bxe2 11. Qxe2 O-O 12. Nde4 Be7 13. Nxf6+ Nxf6 14. O-O
Qc7 15. b3 Nd5 16. Bb2 Qa5 17. Rfc1 Rfd8 18. Ne4 Nf6 19. Nc5 Qc7 20. Rc2 Nd5 21.
Nd3 Nb4 22. Nxb4 Bxb4 23. a3 Be7 24. Rac1 Bf6 25. b4 Qd7 26. Rc4 Qe7 27. Qf3 Qd6
28. Qe4 Qd5 29. Qxd5 exd5 30. R4c2 a6 31. a4 Be7 32. Bc3 Bd6 33. Be1 h6 34. Rb1
Kf8 35. Rcb2 Ke8 36. b5 cxb5 37. axb5 a5 38. b6 a4 39. Ra2 a3 40. Bb4 Bxb4 41.
Rxb4 Rd6 42. Rb3 Kd7 43. Raxa3 Rxa3 44. Rxa3 Rxb6 45. Ra8 Ke6 46. g3 Kf5 47. Re8
f6 48. Re7 Kg6 49. Rd7 Rb5 50. Kg2 h5 51. Kf3 Kh6 52. Kf4 Kg6 53. f3 b6 54. h4
Ra5 55. Rd8 Rb5 56. Rd6 Kf7 57. g4 hxg4 58. fxg4 Ke7 59. Rc6 Kd7 60. Rc2 Rb1 61.
Ra2 Ke6 62. Ra6 Rf1+ 63. Kg3 Rg1+ 64. Kf3 Rb1 65. h5 Rb3 66. Ra2 Rb1 67. Ra7
Rf1+ 68. Kg2 Rc1 69. Rxg7 b5 70. h6 Rc8 71. Rb7 Rh8 72. h7 Kd6 73. Rxb5 Kc6 74.
Ra5 Kb6 75. Rxd5 Rxh7 76. Rd6+ Kb5 77. Rxf6 Kc4 78. Kg3 Re7 79. Rf3 Kd5 80. g5
Ke4 81. Kf2 Rg7 82. Rf4+ Kd5 83. Rf5+ Ke4 84. Re5+ Kd3 85. Kf3 Rf7+ 86. Kg4 Rf1
87. g6 Rg1+ 88. Kf5 Rf1+ 89. Ke6 Rg1 90. Kf6 Rf1+ 91. Rf5 Re1 92. g7 {Black
resigns} 1-0

[Event "Team 45 45 League T61"]
[Site "Internet Chess Club"]
[Date "2014.07.21"]
[Round "8"]
[White "seattleblues"]
[Black "oldsj"]
[Result "1/2-1/2"]
[WhiteElo "1440"]
[BlackElo "1609"]
[Opening "Queen's pawn: London system"]
[ECO "A45"]
[Time "19:05:56"]
[TimeControl "2700+45"]

1. d4 Nf6 2. Bf4 g6 3. e3 Bg7 4. Be2 d6 5. Nf3 O-O 6. O-O c5 7. c3 Be6 8. h3 Nc6
9. Nbd2 Qb6 10. Qc1 Rac8 11. Nc4 Bxc4 12. Bxc4 cxd4 13. exd4 Na5 14. Bd3 Rfe8
15. Re1 Nc6 16. Rb1 Nd5 17. Qd2 Nxf4 18. Qxf4 Qc7 19. Bc4 e6 20. Bb3 b5 21. a3
Na5 22. Bc2 Nc4 23. Bd3 d5 {Game drawn by mutual agreement} 1/2-1/2

[Event "Team 45 45 League T61"]
[Site "Internet Chess Club"]
[Date "2014.07.20"]
[Round "8"]
[White "Zyme"]
[Black "g8wrb"]
[Result "0-1"]
[WhiteElo "1357"]
[BlackElo "1306"]
[Opening "Nimzo-Indian defense"]
[ECO "E20"]
[Time "06:13:37"]
[TimeControl "2700+45"]

1. d4 Nf6 2. c4 e6 3. Nc3 Bb4 4. Bd2 O-O 5. e4 Bxc3 6. Bxc3 Nxe4 7. Bb4 d6 8.
Bd3 Nf6 9. Nf3 Nc6 10. O-O Nxb4 11. Bb1 c5 12. a3 Nc6 13. dxc5 dxc5 14. Qc2 h6
15. Rd1 Qc7 16. Ba2 e5 17. Rd2 Bg4 18. Ne1 Rad8 19. f3 Rxd2 20. Qxd2 Bf5 21. g4
Bg6 22. Ng2 Rd8 23. Qc3 Rd3 24. Qe1 Rxf3 25. Nh4 Rf4 26. h3 Nxg4 27. Nxg6 fxg6
28. hxg4 Rxg4+ 29. Kf2 Qf7+ 30. Ke3 Qf4+ 31. Kd3 Rg3+ 32. Kc2 Nd4+ 33. Kd1 Rd3+
34. Qd2 Qxd2# {White checkmated} 0-1

[Event "Team 45 45 League T61"]
[Site "Internet Chess Club"]
[Date "2014.07.18"]
[Round "8"]
[White "PostMike"]
[Black "chuckh2"]
[Result "1/2-1/2"]
[WhiteElo "1456"]
[BlackElo "1486"]
[Opening "French: advance, Paulsen attack"]
[ECO "C02"]
[Time "14:30:11"]
[TimeControl "2700+45"]

1. e4 e6 2. d4 d5 3. e5 c5 4. c3 Nc6 5. Nf3 Qb6 6. Be2 cxd4 7. cxd4 Nge7 8. Nc3
Bd7 9. O-O Nf5 10. Na4 Qc7 11. a3 Be7 12. b4 a6 13. Nc5 O-O 14. Bb2 Rac8 15. Rc1
Bxc5 16. dxc5 Rfd8 17. Re1 Be8 18. Qc2 Rd7 19. Bd3 g6 20. Bxf5 gxf5 21. Rcd1 Qd8
22. Qd2 Qe7 23. Qh6 Qf8 24. Qg5+ Qg7 25. Bc1 Qxg5 26. Bxg5 f6 27. Bxf6 Bh5 28.
Rd3 Bxf3 29. Rxf3 Rf7 30. Rg3+ Kf8 31. Rd1 Ne7 32. Rd4 Ng6 33. Rc3 b6 34. g3
bxc5 35. Rxc5 Rfc7 36. Rxc7 Rxc7 37. Rd3 Rc4 38. Kf1 h5 39. Ke2 Ke8 40. Kd2 Kd7
41. f3 Kc6 42. Rc3 Rxc3 43. Kxc3 Kb5 44. Kb3 Nf8 45. a4+ Kc6 46. Be7 Nd7 47. f4
Nb6 48. Bc5 Nc4 49. Kc3 Kd7 50. b5 axb5 51. axb5 Kc7 52. Kc2 Kb7 53. Kd3 Nb2+
54. Kc3 Nc4 {Game drawn by mutual agreement} 1/2-1/2

[Event "Team 45 45 League T61"]
[Site "Internet Chess Club"]
[Date "2014.07.20"]
[Round "8"]
[White "artspir"]
[Black "Aquaman"]
[Result "0-1"]
[WhiteElo "1247"]
[BlackElo "1354"]
[Opening "Queen's pawn game"]
[ECO "A46"]
[Time "15:00:56"]
[TimeControl "2700+45"]

1. d4 Nf6 2. Nf3 d6 3. Bf4 g6 4. c4 Bg7 5. Nc3 O-O 6. d5 Nbd7 7. e4 Nc5 8. Bd3
Nxd3+ 9. Qxd3 b6 10. O-O Nh5 11. Bd2 Re8 12. a4 a5 13. Be3 Bb7 14. Qd2 e6 15.
Bh6 Bh8 16. Bg5 Qc8 17. Nd4 e5 18. Nc6 Bxc6 19. dxc6 Nf6 20. Bxf6 Bxf6 21. Nd5
Bg7 22. f4 exf4 23. Rxf4 Re6 24. Raf1 Bh6 25. Qd4 Bxf4 26. Nf6+ Rxf6 27. Qxf6
Qf8 28. Rxf4 Re8 29. Qc3 Re5 30. b4 axb4 31. Qxb4 Rc5 32. h4 Qg7 33. g4 Qd4+ 34.
Kh2 Rxc4 35. Qe1 Rc2+ 36. Kg3 Qe5 37. h5 Rc3+ 38. Kh4 g5# {White checkmated} 0-1

[Event "Team 45 45 League T61"]
[Site "Internet Chess Club"]
[Date "2014.07.19"]
[Round "8"]
[White "blerkoid"]
[Black "QuieroAprender"]
[Result "1-0"]
[WhiteElo "1629"]
[BlackElo "1606"]
[Opening "Scotch game"]
[ECO "C45"]
[Time "15:02:07"]
[TimeControl "2700+45"]

1. e4 e5 2. Nf3 Nc6 3. d4 exd4 4. Nxd4 Bc5 5. Nxc6 Qf6 6. Qe2 dxc6 7. Nc3 Be6 8.
Be3 Bb4 9. Bd2 O-O-O 10. Qe3 Qd4 11. Qxd4 Rxd4 12. Bd3 Nf6 13. a3 Be7 14. Be3
Rd7 15. f4 g6 16. h3 Rhd8 17. g4 Rxd3 18. cxd3 Rxd3 19. Kf2 Bb3 20. e5 Nd5 21.
Nxd5 Bh4+ 22. Ke2 Rxd5 23. Rac1 Rb5 24. g5 Bd5 25. b4 Bxh1 26. Rxh1 a5 27. Rb1
axb4 28. axb4 Rd5 29. Rg1 h5 30. gxh6 Rd8 31. Ra1 Kb8 32. Ba7+ Kc8 33. Bf2 Kb8
34. Bxh4 Rh8 35. Bg5 b6 36. Rd1 Kb7 37. Rd8 Rh7 38. Kd3 c5 39. bxc5 bxc5 40. Kc4
Kc6 41. Rd5 Rh8 42. Rxc5+ Kd7 43. Rd5+ Ke6 44. Rd8 Rh7 45. Kc5 Kf5 46. Rd7 Ke4
47. Rxc7 Kf3 48. Kd5 Kg3 49. h4 Kg4 50. Rc6 Kf5 51. Rf6+ Kg4 52. Kd6 Kf3 53. Ke7
Ke4 54. Rxf7 Rh8 55. Kf6 {Black resigns} 1-0

[Event "Team 45 45 League T61"]
[Site "Internet Chess Club"]
[Date "2014.07.18"]
[Round "8"]
[White "drsigmund1"]
[Black "Bible-Believer"]
[Result "1-0"]
[WhiteElo "1579"]
[BlackElo "1505"]
[Opening "Queen's pawn, Mason variation"]
[ECO "D00"]
[Time "21:00:04"]
[TimeControl "2700+45"]

1. d4 d5 2. Bf4 e6 3. Nf3 Bd6 4. Bg3 c5 5. e3 Nc6 6. Nbd2 Nf6 7. c3 O-O 8. Ne5
Nd7 9. Nxf7 Rxf7 10. Bxd6 e5 11. dxc5 Qf6 12. Qf3 Qe6 13. Qe2 b6 14. Nf3 h6 15.
O-O-O bxc5 16. Bc7 Nf6 17. Qb5 Rxc7 18. Qxc5 Ne4 19. Qxd5 Nxf2 20. Qc5 Nxd1 21.
Bc4 Na5 22. Bxe6+ {Black resigns} 1-0

[Event "Team 45 45 League T61"]
[Site "Internet Chess Club"]
[Date "2014.07.20"]
[Round "8"]
[White "BotanicalKnight"]
[Black "Leon13"]
[Result "1/2-1/2"]
[WhiteElo "1509"]
[BlackElo "1385"]
[Opening "French: Labourdonnais variation"]
[ECO "C00"]
[Time "14:01:11"]
[TimeControl "2700+45"]

1. e4 e6 2. f4 d5 3. e5 d4 4. g3 Nc6 5. Nf3 a6 6. d3 b5 7. a3 Bb7 8. Bg2 Bc5 9.
Nbd2 Nge7 10. Ne4 Bb6 11. Qe2 Nf5 12. Bd2 Ne3 13. Bxe3 dxe3 14. c3 Rb8 15. Neg5
h6 16. Nh3 {Game drawn by mutual agreement} 1/2-1/2

[Event "Team 45 45 League T61"]
[Site "Internet Chess Club"]
[Date "2014.07.20"]
[Round "8"]
[White "JOFRAN"]
[Black "kingsrook"]
[Result "1-0"]
[WhiteElo "1358"]
[BlackElo "1318"]
[Opening "Sicilian: Anderssen variation"]
[ECO "B41"]
[Time "19:00:12"]
[TimeControl "2700+45"]

1. e4 c5 2. Nf3 e6 3. d4 cxd4 4. Nxd4 Nf6 5. Nc3 Nc6 6. a3 a6 7. Nxc6 bxc6 8. e5
Nd5 9. Ne4 Qc7 10. f4 Be7 11. c4 Nb6 12. Be3 O-O 13. Bd3 Bb7 14. Qh5 Qd8 15.
Nf6+ Bxf6 16. Qxh7# {Black checkmated} 1-0